 Dungeon Crawl Stone Soup version 0.31-a0-7-g51783674b7 (webtiles) character file.

Game seed: 2959303389436450262

2779 xavierdantius32 the Basher (level 9, -2/79 HPs)
             Began as a Minotaur Berserker on May 5, 2023.
             Was an Elder of Trog.
             Killed from afar by an electric eel (4 damage)
             ... with a bolt of electricity
             ... on level 8 of the Dungeon.
             The game lasted 00:45:28 (4868 turns).

xavierdantius32 the Basher (Minotaur Berserker)     Turns: 4868, Time: 00:45:29

Health: -2/79      AC: 20    Str: 24    XL:     9   Next: 42%
Magic:  8/8        EV:  4    Int:  4    God:    Trog [****..]
Gold:   241        SH:  9    Dex: 12    Spells: 8/8 levels left

rFire   + . .        A - +2 hand axe (freeze)
rCold   x . .        z - +0 kite shield
rNeg    . . .        v - +0 crystal plate armour
rPois   .            (helmet restricted)
rElec   .            m - +0 cloak
rCorr   .            (no gloves)
SInv    +            i - +0 pair of boots
Will    .....        (no amulet) Stlth
                     q - ring of fire
HPRegen 0.33/turn    B - ring of see invisible
MPRegen 0.11/turn

%: no passive effects
@: no status effects
A: horns 2, retaliatory headbutt
a: Renounce Religion, Berserk, Trog's Hand, Brothers in Arms


You were on level 8 of the Dungeon.
You worshipped Trog.
Trog was greatly pleased with you.
You visited 1 branch of the dungeon, and saw 8 of its levels.

You collected 241 gold pieces.

Inventory:

Hand Weapons
 a - a +0 hand axe
 l - a +1 hammer of holy wrath
 n - a +3 quarterstaff of chaos
 A - a +2 hand axe of freezing (weapon)
Missiles
 k - 6 javelins (quivered)
Armour
 b - a +0 animal skin
 i - a +0 pair of boots (worn)
 m - a +0 cloak (worn)
 o - a +0 ring mail
 v - a +0 crystal plate armour (worn)
 z - a +0 kite shield (worn)
Magical Staves
 s - a staff of fire
Jewellery
 q - a ring of fire (left hand)
 B - a ring of see invisible (right hand)
Wands
 C - a wand of mindburst (16)
Scrolls
 f - 3 scrolls of teleportation {unknown}
 g - a scroll of fear {unknown}
 h - a scroll of blinking {unknown}
 j - 3 scrolls of immolation {unknown}
 t - 2 scrolls of identify {unknown}
 u - a scroll of enchant weapon {unknown}
 x - a scroll of amnesia {unknown}
 y - a scroll of summoning {unknown}
Potions
 c - 3 potions of cancellation {unknown}
 d - a potion of curing
 e - 3 potions of flight {unknown}
 p - a potion of might {unknown}
 r - a potion of lignification {unknown}
 w - 2 potions of haste


   Skills:
 + Level 7.2 Fighting
 + Level 7.7(9.5) Axes
 + Level 8.7(10.0) Maces & Flails
 + Level 1.4 Throwing
 + Level 6.3 Armour
 + Level 3.6 Dodging
 + Level 1.4 Stealth
 + Level 4.7 Shields
 + Level 0.2 Evocations


You had 8 spell levels left.
You didn't know any spells.
Your spell library was empty.

Dungeon Overview and Level Annotations

Branches:
Dungeon (8/15)             Temple (0/1) D:5
   Lair: D:8-11

Altars:
Okawaru
Uskayaw
Vehumet
Wu Jian

Shops:
D:1 (   D:4 *

Annotations:
D:4 1 transporter


Innate Abilities, Weirdness & Mutations

You have a pair of horns on your head.
You reflexively headbutt those who attack you in melee.


Message History

The orc priest is severely wounded.
You hit the yak. You freeze the yak. You hit the yak. You freeze the yak.
You hit the orc. You freeze the orc.
You kill the orc!
Trog accepts your kill.
You hit the yak. You freeze the yak. You slash the yak! You freeze the yak.
The yak gores you but does no damage. The yak gores you.
You block the yak's attack. x2
The orc priest hits you but does no damage.
You hit the orc priest. You freeze the orc priest.
You kill the orc priest!
Trog accepts your kill.
You hit the yak but do no damage. You barely miss the yak.
You hit the yak but do no damage. You hit the yak. You freeze the yak.
The yak gores you!
* * * LOW HITPOINT WARNING * * *
The yak gores you.
* * * LOW HITPOINT WARNING * * *
The yak gores you but does no damage. You block the yak's attack.
The yak attacks as you move away! The yak gores you but does no damage.
The electric eel shoots out a bolt of lightning at you!
The bolt of electricity hits you.
* * * LOW HITPOINT WARNING * * *
Items here: )) [[.
The electric eel shoots out a bolt of lightning at you!
The bolt of electricity hits you.
* * * LOW HITPOINT WARNING * * *
The yak gores you but does no damage.
The electric eel shoots out a bolt of lightning at you!
The bolt of electricity hits you.
* * * LOW HITPOINT WARNING * * *
The electric eel shoots out a bolt of lightning at you!
The bolt of electricity hits you.
* * * LOW HITPOINT WARNING * * *
The bolt of electricity hits you but does no damage.
The electric eel shoots out a bolt of lightning at you!
The bolt of electricity hits you.
* * * LOW HITPOINT WARNING * * *
The bolt of electricity hits you.
You die...

~~~≈~.~~~..~~..
≈≈≈≈≈≈~~~≈.~≈~≈~~~
≈≈≈≈≈≈≈~~~≈≈≈≈≈≈≈≈
~≈P~~≈≈≈~~~P~~≈≈≈≈
~.~.~≈≈~P.SSS.≈~≈≈
....P.P......~...P
#......)........
#..?...Y<...#
..##@.YY...#
###.Y.....#
##........
.........
.........
..###...# .###
..## .#


You could see 4 yaks and 3 electric eels.

Vanquished Creatures
  Pikel (D:7)
  A wyvern (D:7)
  2 yaks (D:8)
  2 steam dragons
  2 water moccasins
  An orc warrior (D:7)
  A sky beast (D:7)
  3 lemures (D:7)
  A phantom (D:5)
  A kobold brigand (D:6)
  2 bullfrogs (D:7)
  A gnoll sergeant (D:6)
  2 scorpions (D:5)
  5 wights (D:6)
  A howler monkey (D:4)
  4 hounds
  An orc priest (D:8)
  Crazy Yiuf (D:2)
  A sleepcap (D:7)
  2 orc wizards
  3 gnolls (D:6)
  8 adders
  A white imp (D:5)
  An ufetubus (D:5)
  A worm (D:3)
  A dart slug (D:3)
  12 orcs
  9 ball pythons
  14 bats
  5 endoplasms
  A giant cockroach (D:1)
  8 hobgoblins
  8 jackals
  9 kobolds
  2 quokkas
  4 frilled lizards
  5 goblins
  14 rats
141 creatures vanquished.

Vanquished Creatures (others)
  A fungus (D:5)
  4 plants (D:8)
  5 toadstools (D:1)
10 creatures vanquished.

Grand Total: 151 creatures vanquished

Notes
Turn   | Place    | Note
-------+----------+-------------------------------------------
     0 | D:1      | xavierdantius32 the Minotaur Berserker began the quest for
                  | the Orb.
     0 | D:1      | Reached XP level 1. HP: 19/19 MP: 0/0
   231 | D:1      | Reached XP level 2. HP: 22/27 MP: 1/1
   353 | D:1      | Found Udimnyq's Weapon Shop.
   382 | D:1      | Found a faded altar of an unknown god.
   520 | D:1      | Reached ** piety under Trog
   844 | D:2      | Reached XP level 3. HP: 33/34 MP: 2/2
  1582 | D:2      | Found a runed translucent door.
  1583 | D:2      | Noticed Crazy Yiuf
  1589 | D:2      | Killed Crazy Yiuf
  1590 | D:2      | Reached XP level 4. HP: 41/41 MP: 3/3
  1995 | D:3      | Found an iron altar of Okawaru.
  2137 | D:3      | Reached skill level 5 in Axes
  2306 | D:4      | Reached skill level 1 in Maces & Flails
  2324 | D:4      | Found a transporter.
  2325 | D:4      | Found Oxkyn's General Store.
  2362 | D:4      | Reached XP level 5. HP: 47/47 MP: 4/4
  2368 | D:4      | Reached skill level 1 in Stealth
  2372 | D:4      | Reached skill level 2 in Maces & Flails
  2379 | D:4      | Reached *** piety under Trog
  2380 | D:4      | Reached skill level 5 in Fighting
  2789 | D:5      | Entered Level 5 of the Dungeon
  2888 | D:5      | Found an ornate altar of the Wu Jian Council.
  2945 | D:5      | Reached skill level 3 in Maces & Flails
  2945 | D:5      | Reached XP level 6. HP: 41/56 MP: 5/5
  3041 | D:5      | Found a radiant altar of Vehumet.
  3153 | D:5      | Found a hide-covered altar of Uskayaw.
  3249 | D:5      | Reached skill level 4 in Maces & Flails
  3259 | D:5      | Noticed a water moccasin
  3268 | D:5      | Killed a water moccasin
  3269 | D:5      | Reached XP level 7. HP: 58/61 MP: 6/6
  3295 | D:5      | Reached skill level 5 in Maces & Flails
  3401 | D:5      | Found a staircase to the Ecumenical Temple.
  3823 | D:6      | Noticed a steam dragon
  3838 | D:6      | Killed a steam dragon
  3839 | D:6      | Reached skill level 6 in Maces & Flails
  3878 | D:6      | Reached skill level 1 in Shields
  4091 | D:6      | Reached XP level 8. HP: 45/70 MP: 7/7
  4155 | D:6      | Reached skill level 7 in Maces & Flails
  4155 | D:6      | Reached skill level 5 in Armour
  4361 | D:7      | Reached **** piety under Trog
  4404 | D:7      | Noticed Pikel
  4433 | D:7      | Killed Pikel
  4434 | D:7      | Reached skill level 8 in Maces & Flails
  4434 | D:7      | Reached skill level 1 in Throwing
  4575 | D:7      | Reached XP level 9. HP: 78/78 MP: 8/8
  4868 | D:8      | HP: 2/79 [electric eel/bolt of electricity (2)]
  4868 | D:8      | Killed from afar by an electric eel

Illustrated notes

Levels and vault maps discovered:
D:1:      ldierk_walled_garden, layout_basic, shapermc_ecumenical_altar_pompeii,
          serial_shops, shop
D:2:      layout_basic, minmay_rat_gold_closets, uniq_crazy_yiuf_cottage
D:3:      layout_basic, okawaru_ov_weapons_minmay
D:4:      layout_rooms, serial_shops, nicolae_shop_drivethru, serial_curves,
          eino_curves_04, eino_curves_01, roderic_batcave
D:5:      layout_basic, nicolae_uskayaw_murder_on_the_dancefloor,
          mainiacjoe_overflow_boulevard, mainiacjoe_overflow_surrounded_room,
          temple_green, bh_walls_and_bars
D:6:      layout_gridville
D:7:      layout_loops_cross, uniq_pikel
D:8:      layout_layer_cave, chequers_big_river, uniq_joseph

Skill      XL: |  1  2  3  4  5  6  7  8  9 |
---------------+----------------------------+-----
Axes           | 4 5 6 7 |  7.7
Fighting       | 4 5 6 7 |  7.2
Maces & Flails | 1 3 4 6 8 |  8.7
Stealth        | 1 |  1.4
Dodging        | 3 |  3.6
Armour         | 3 4 5 6 |  6.3
Shields        | 1 4 |  4.7
Throwing       | 1 |  1.4
Evocations     | |  0.2

Action                     |  1- 3 |  4- 6 |  7- 9 || total
---------------------------+-------+-------+-------++-------
  Melee: Hand axe          |    93 |       |    82 ||   175
         Headbutt          |    11 |    15 |    22 ||    48
         Punch             |     1 |     2 |       ||     3
         Mace              |     3 |   129 |    82 ||   214
  Throw: Javelin           |       |       |     7 ||     7
  Evoke: Wand              |       |       |     1 ||     1
    Use: Potion            |     1 |     1 |     3 ||     5
   Stab: Sleeping          |     3 |       |       ||     3
 Armour: Animal skin       |    13 |       |       ||    13
         Ring mail         |       |    48 |       ||    48
         Crystal plate arm |       |    38 |   155 ||   193
  Dodge: Dodged            |    66 |    91 |    37 ||   194
  Block: Kite shield       |       |       |    80 ||    80

Table legend: (Time is in decaauts)
 A = Elapsed time spent in this place.
 B = Non-inter-level travel time spent in this place.
 C = Inter-level travel time spent in this place.
 D = Time resting spent in this place.
 E = Time spent auto-exploring this place.
 F = Levels seen in this place.
 G = Mean time per level.
                   A        B        C        D        E       F      G
               +--------+--------+--------+--------+--------+-----+--------+
         Total |   4903 |    865 |   4038 |      0 |      2 |   8 |  612.9 |
       Dungeon |   4903 |    865 |   4038 |      0 |      2 |   8 |  612.9 |
               +--------+--------+--------+--------+--------+-----+--------+

Top non-repeatable levels by time:
     D:2: 892 daAuts
     D:1: 826 daAuts
     D:5: 808 daAuts
     D:6: 689 daAuts
     D:7: 590 daAuts
     D:3: 578 daAuts
     D:4: 502 daAuts
     D:8: 14 daAuts
